 Dungeon Crawl Stone Soup version 0.30-a0-395-gfe72c296f8 (webtiles) character file.

Game seed: 9260916103963206984

3 Gregregor the Chucker (level 1, -3/13 HPs)
             Began as a Demonspawn Wanderer on Dec 7, 2022.
             Slain by a hobgoblin (4 damage)
             ... on level 1 of the Dungeon.
             The game lasted 00:05:57 (196 turns).

Gregregor the Chucker (Demonspawn Wanderer)          Turns: 196, Time: 00:05:57

Health: -3/13      AC:  3    Str: 16    XL:     1   Next: 41%
Magic:  2/2        EV: 11    Int: 11    God:
Gold:   21         SH:  0    Dex: 10    Spells: 1/2 levels left

rFire   . . .      SeeInvis .    a - +2 hand axe
rCold   . . .      Faith    .    (no shield)
rNeg    . . .      Spirit   .    e - +0 leather armour
rPois   .          Reflect  .    (no helmet)
rElec   .          Harm     .    (no cloak)
rCorr   .          Rampage  .    (no gloves)
Will    .....                    (no boots)
Stlth   +.........               (no amulet)
HPRegen 0.22/turn                (no ring)
MPRegen 0.08/turn                (no ring)

@: no status effects
A: no striking features
a: no special abilities


You were on level 1 of the Dungeon.
You visited 1 branch of the dungeon, and saw 1 of its levels.

You collected 21 gold pieces.

Inventory:

Hand Weapons
 a - a +2 hand axe (weapon)
 c - a +0 dagger
Missiles
 b - 11 poisoned darts (quivered)
Armour
 e - a +0 leather armour (worn)
Jewellery
 f - a ring of fire
Potions
 d - a potion of lignification


   Skills:
 + Level 1.8 Axes
 - Level 2.8 Throwing
 + Level 1.0 Armour
 + Level 1.0 Dodging
 + Level 1.0 Spellcasting
 + Level 1.7 Fire Magic


You had one spell level left.
You knew the following spells:

 Your Spells              Type           Power      Damage    Failure   Level
a - Foxfire               Conj/Fire      8%         2x1d4     28%         1

Your spell library contained the following spells:

 Spells                   Type           Power      Damage    Failure   Level
 Kindle Blastsparks       Fire/Tloc/Air  2%         2d10      67%         3


Dungeon Overview and Level Annotations

Branches:
Dungeon (1/15)

Altars:


Message History

You see here a ring of fire.
You hit the rat.
You kill the rat!
f - a ring of fire You now have 21 gold pieces (gained 6).
You see here a +0 robe.
You see here a +0 robe.
You see here a +0 robe.
A hobgoblin comes into view.
Found a mace.
The hobgoblin shouts!
You hear a shout!
A kobold comes into view. It is wielding a +0 short sword.
The kobold shouts!
The kobold hits you with a +0 short sword.
You barely miss the kobold. You barely miss the hobgoblin.
The hobgoblin hits you but does no damage.
The kobold hits you with a +0 short sword.
You closely miss the kobold. You hit the hobgoblin.
The kobold completely misses you.
The hobgoblin hits you but does no damage.
You hit the kobold.
You kill the kobold!
You barely miss the hobgoblin. The hobgoblin hits you.
Things that are here:
a +0 short sword; 2 stones; a kobold corpse You closely miss the hobgoblin.
The hobgoblin is severely wounded.
The hobgoblin hits you but does no damage.
The hobgoblin closely misses you.
You hit the hobgoblin but do no damage.
The hobgoblin is severely wounded.
The hobgoblin hits you.
You hit the hobgoblin but do no damage.
The hobgoblin is severely wounded.
The hobgoblin hits you.
* * * LOW HITPOINT WARNING * * *
You barely miss the hobgoblin.
The hobgoblin is severely wounded.
The hobgoblin hits you.
You die...

# .# .## ##.# # ...##
...#.#
..#..##)..##....#.#
##.#............#.....##
..........##...@#.?...#
#.....[......#.g#.....#
##...#.#..##......#....#
...............#..#....#
.....#.......#.#...# ..#
.....##......#...#.#.?#
.................#..#
....######[.........#
###############..####


You could see a hobgoblin.

Vanquished Creatures
  A goblin (D:1)
  A kobold (D:1)
  2 rats (D:1)
4 creatures vanquished.

Notes
Turn   | Place    | Note
-------+----------+-------------------------------------------
     0 | D:1      | Gregregor the Demonspawn Wanderer began the quest for the
                  | Orb.
     0 | D:1      | Gregregor set off with the following items: a +2 hand axe,
                  | 11 poisoned darts, a +0 dagger, a potion of lignification,
                  | a +0 leather armour; and the following spell memorised:
                  | Foxfire; and the following spells available to memorise:
                  | Kindle Blastsparks.
     0 | D:1      | Reached XP level 1. HP: 13/13 MP: 2/2
     1 | D:1      | Noticed a minotaur skeleton
    31 | D:1      | Noticed a minotaur skeleton
   196 | D:1      | Slain by a hobgoblin

Illustrated notes

Levels and vault maps discovered:
D:1:      shiori_arrival_whats_in_store_for_you, layout_basic, st_stairs_8,
          hangedman_decor_peaks_small, chequers_serial_rivers_small_3,
          dreamdust_wishing_well, roderic_serpentine_path

Action                   || total
-------------------------++-------
Melee: Hand axe          ||    12
Armor: Leather armour    ||     3
Dodge: Dodged            ||     5

Table legend: (Time is in decaauts)
 A = Elapsed time spent in this place.
 B = Non-inter-level travel time spent in this place.
 C = Inter-level travel time spent in this place.
 D = Time resting spent in this place.
 E = Time spent auto-exploring this place.
 F = Levels seen in this place.
 G = Mean time per level.
                   A        B        C        D        E       F      G
               +--------+--------+--------+--------+--------+-----+--------+
         Total |    198 |    112 |     86 |      0 |      0 |   1 |  198.0 |
       Dungeon |    198 |    112 |     86 |      0 |      0 |   1 |  198.0 |
               +--------+--------+--------+--------+--------+-----+--------+

Top non-repeatable levels by time:
     D:1: 198 daAuts
